 Dungeon Crawl Stone Soup version 0.30.1-1-g62c8e00024 (webtiles) character file.

Game seed: 18173729863787551034

32 shmup the Firebug (level 3, -1/19 HPs)
             Began as a Tengu Fire Elementalist on July 14, 2023.
             Slain by Terence
             ... wielding a +3 hand axe of electrocution
              (8 damage)
             ... on level 2 of the Dungeon.
             The game lasted 00:02:55 (1192 turns).

shmup the Firebug (Tengu Fire Elementalist)         Turns: 1192, Time: 00:02:55

Health: -1/19      AC:  2    Str:  8    XL:     3   Next: 25%
Magic:  0/7        EV: 12    Int: 17    God:
Gold:   54         SH:  0    Dex: 14    Spells: 3/6 levels left

rFire   . . .        d - +0 short sword
rCold   . . .        (no shield)
rNeg    . . .        a - +0 robe
rPois   .            (helmet restricted)
rElec   .            (no cloak)
rCorr   .            (no gloves)
SInv    .            (boots unavailable)
Will    .....        (no amulet)
Stlth   ++           (no ring)
HPRegen 0.23/turn    (no ring)
MPRegen 0.10/turn

%: no passive effects
@: no status effects
A: beak, talons 3
a: no special abilities


You were on level 2 of the Dungeon.
You visited 1 branch of the dungeon, and saw 2 of its levels.

You collected 54 gold pieces.

Inventory:

Hand Weapons
 d - a +0 short sword (weapon)
Missiles
 c - 25 stones (quivered)
Armour
 a - a +0 robe (worn)
Scrolls
 e - a scroll of identify {unknown}
 f - 3 scrolls of immolation {unknown}
Potions
 b - a potion of magic
 g - a potion of heal wounds {unknown}


   Skills:
 + Level 2.6 Dodging
 + Level 2.3 Stealth
 + Level 2.2 Spellcasting
 + Level 1.9 Conjurations
 * Level 3.8 Fire Magic


You had 3 spell levels left.
You knew the following spells:

 Your Spells              Type           Power      Damage    Failure   Level
a - Foxfire               Conj/Fire      44%        2x1d6     6%          1
b - Scorch                Fire           28%        2d6       6%          2

Your spell library contained the following spells:

 Spells                   Type           Power      Damage    Failure   Level
 Inner Flame              Hex/Fire       8%         N/A       26%         3
 Volatile Blastmotes      Fire/Tloc      16%        2d11      26%         3
 Ensorcelled Hibernation  Hex/Ice        2%         N/A       28%         2
 Spider Form              Tmut/Pois      1%         N/A       50%         3
 Flame Wave               Conj/Fire      11%        2d6       50%         4
 Anguish                  Hex/Necr       0%         N/A       88%         4


Dungeon Overview and Level Annotations

Branches:
Dungeon (2/15)

Altars:

Shops:
D:1 [

Annotations:
D:2 Terence


Innate Abilities, Weirdness & Mutations

You have a beak for a mouth.
You have claws for feet.


Message History

Okay, then.
Unknown command.
Casting: Foxfire (safe; 6% risk of failure)
Confirm with . or Enter, or press ? or * to list all spells.
Flames lash Terence.
Terence is severely wounded.
Terence's fire resistance burns away.
The foxfire hits Terence.
Terence is burned terribly!
Terence is almost dead.
Casting: Scorch (safe; 6% risk of failure)
Confirm with . or Enter, or press ? or * to list all spells.
You don't have enough magic to cast this spell.
You hit Terence but do no damage.
Terence is almost dead.
Terence closely misses you.
You closely miss Terence. You claw Terence, but do no damage.
Terence is almost dead.
Terence misses you.
Casting: Scorch (safe; 6% risk of failure)
Confirm with . or Enter, or press ? or * to list all spells.
You conjure some foxfire!
Terence is no longer more vulnerable to fire.
Terence barely misses you.
The foxfire hits Terence.
Terence is almost dead.
The foxfire hits Terence.
Terence is almost dead.
Terence hits you with a +3 hand axe of electrocution.
You closely miss Terence. You peck Terence, but do no damage.
Terence is almost dead.
Terence barely misses you.
You barely miss Terence. Your kick misses Terence.
Terence is almost dead.
Terence hits you with a +3 hand axe of electrocution!
* * * LOW HITPOINT WARNING * * *
Casting: Foxfire (safe; 6% risk of failure)
Confirm with . or Enter, or press ? or * to list all spells.
You conjure some foxfire!
Terence hits you with a +3 hand axe of electrocution!
You die...

.▒.▒...............▒....▒▒
........................▒
.▒.▒...........▒......▒.▒
..........▒▒▒▒▒▒..▒▒▒▒▒.▒
...▒......▒ .▒.▒▒▒....▒▒ ▒
+.....▒ ▒..v.▒▒ ▒▒▒vQ▒
........@......
▒▒..........▒▒.
............▒
.▒..........▒ ▒..........▒
...........▒.
....▒.........


You could see Terence (ally target).

Vanquished Creatures
  A dart slug (D:2)
  5 ball pythons (D:1)
  2 endoplasms (D:1)
  2 giant cockroaches
  3 goblins (D:1)
  2 hobgoblins (D:1)
  3 quokkas
  2 bats (D:1)
  3 frilled lizards
  5 kobolds (D:1)
28 creatures vanquished.

Vanquished Creatures (others)
  87 foxfires
87 creatures vanquished.

Grand Total: 115 creatures vanquished

Notes
Turn   | Place    | Note
-------+----------+-------------------------------------------
     0 | D:1      | shmup the Tengu Fire Elementalist began the quest for the
                  | Orb.
     0 | D:1      | Reached XP level 1. HP: 10/10 MP: 4/4
   187 | D:1      | Reached XP level 2. HP: 4/15 MP: 3/6
   301 | D:1      | Found Arogh's Antique Armour Boutique.
   753 | D:1      | Reached XP level 3. HP: 19/19 MP: 5/7
   900 | D:1      | Learned a level 2 spell: Scorch
  1124 | D:2      | Noticed Terence
  1192 | D:2      | Slain by Terence

Illustrated notes

Levels and vault maps discovered:
D:1:      minmay_arrival_diagonal_passages, layout_rooms, serial_shops,
          nicolae_shop_tiny_statue_garden, amcnicky_mini_corridor_feature,
          hangedman_decor_clover_reticule, st_stairs_9, kennysheep_crisscross,
          chequers_serial_rivers_room_b
D:2:      layout_basic, serial_shops, nicolae_shop_waterfront, basic_altar,
          uniq_terence, uniq_natasha, uniq_jessica

Action                     || total
---------------------------++-------
  Melee: Short sword       ||     9
         Kick              ||     2
         Peck              ||     1
   Cast: Foxfire           ||    52
         Scorch            ||     1
 Armour: Robe              ||     5
  Dodge: Dodged            ||    12
